 Dungeon Crawl Stone Soup version 0.31-a0-1547-g618ab1f346 (webtiles) character file.

Game seed: 17601615256394907091

7676 Arcadio the Fighter (level 11, -2/127 HPs)
             Began as an Oni Cinder Acolyte on Jan 2, 2024.
             Was a Believer of Ignis.
             Slain by a spark wasp (3 damage)
             ... on level 10 of the Dungeon.
             The game lasted 00:25:31 (13639 turns).

Arcadio the Fighter (Oni Cinder Acolyte)           Turns: 13639, Time: 00:25:32

Health: -2/127     AC: 14    Str: 24    XL:     11   Next: 19%
Magic:  0/12       EV: 13    Int: 18    God:    Ignis [**....]
Gold:   484        SH:  0    Dex: 13    Spells: 10/12 levels left

rFire   + . .        A - +0 war axe (heavy)
rCold   . . .        (no shield)
rNeg    . . .        x - +0 robe "Ighacs" {rElec Will+ Int+3 Dex+3}
rPois   .            (helmet restricted)
rElec   +            (no cloak)
rCorr   .            (gloves unavailable)
SInv    .            (boots unavailable)
Will    ++...        m - amulet of guardian spirit
Stlth   +            c - +4 ring of protection
HPRegen 0.41/turn    h - +6 ring of dexterity
MPRegen 0.13/turn

%: guardian spirit
@: fiery-armoured
A: large, unfitting armour, horns 1, tough skin 1, double potion healing,
drunken brawling
a: Renounce Religion, Fiery Armour, Foxfire Swarm, Rising Flame


You were on level 10 of the Dungeon.
You worshipped Ignis.
Ignis was pleased with you.
You visited 3 branches of the dungeon, and saw 12 of its levels.
You also visited: Ossuary and Bailey.

You collected 484 gold pieces.

Inventory:

Hand Weapons
 a - a +0 war axe
 b - a +4 battleaxe
 s - a +0 morningstar
 A - a +0 heavy war axe (weapon)
Armour
 x - the +0 robe "Ighacs" (worn) {rElec Will+ Int+3 Dex+3}
   (You found it on level 5 of the Dungeon)

   Int+3:     It affects your intelligence (+3).
   Dex+3:     It affects your dexterity (+3).
   rElec:     It insulates you from electricity.
   Will+:     It increases your willpower.
 y - a +3 kite shield
Jewellery
 c - a +4 ring of protection (left hand)
 h - a +6 ring of dexterity (right hand)
 m - an amulet of guardian spirit (around neck)
 v - a ring of resist corrosion
 G - an amulet of magic regeneration
 O - a ring of flight
Wands
 l - a wand of mindburst (8)
 p - a wand of flame (31)
 u - a wand of polymorph (11)
Scrolls
 g - 2 scrolls of poison
 i - 5 scrolls of immolation
 j - 3 scrolls of blinking
 n - a scroll of vulnerability {unknown}
 o - 3 scrolls of teleportation
 q - a scroll of fear {unknown}
 t - a scroll of silence
 J - 2 scrolls of amnesia
 L - 2 scrolls of torment {unknown}
 M - a scroll of revelation {unknown}
Potions
 d - 2 potions of magic
 e - 4 potions of brilliance
 f - 2 potions of enlightenment
 k - a potion of might {unknown}
 w - a potion of attraction {unknown}
 z - 3 potions of haste
 C - 4 potions of invisibility
 D - 3 potions of cancellation
 E - 3 potions of mutation
 F - a potion of resistance {unknown}
 H - 2 potions of ambrosia {unknown}
 I - 7 potions of curing
 N - a potion of berserk rage {unknown}


   Skills:
 + Level 13.3 Fighting
 + Level 10.3 Axes
 + Level 9.0 Dodging
 - Level 1.2 Spellcasting
 - Level 2.6 Fire Magic


You had 10 spell levels left.
You knew the following spells:

 Your Spells              Type           Power      Damage    Failure   Level
a - Scorch                Fire           20%        2d5       10%         2

Your spell library contained the following spells:

 Spells                   Type           Power      Damage    Failure   Level
 Summon Small Mammal      Summ           4%         N/A       21%         1
 Call Canine Familiar     Summ           1%         N/A       52%         3
 Ozocubu's Armour         Ice            1%         N/A       52%         3
 Summon Blazeheart Golem  Fire/Summ      5%         N/A       75%         4
 Metabolic Englaciation   Hex/Ice        0%         N/A       99%         5
 Sculpt Simulacrum        Ice/Alch       0%         N/A       100%        6


Dungeon Overview and Level Annotations

Branches:
Dungeon (10/15) Zot: 26262  Temple (1/1) D:7 Zot: 5998    Lair (1/5) D:8 Zot: 5704
Ossuary (visited)          Bailey (visited)
    Orc: D:9-12

Altars:
Ashenzari
Cheibriados
Dithmenos
Elyvilon
Fedhas
Gozag
Hepliaklqana
Kikubaaqudgha
Makhleb
Nemelex Xobeh
Okawaru
Qazlal
Ru
Sif Muna
Trog
Uskayaw
Vehumet
Wu Jian
Xom
Yredelemnul
Zin
The Shining One


Innate Abilities, Weirdness & Mutations

You are too large for most types of armour.
You have a pair of small horns on your head.
You have tough skin. (AC +1)
You gain doubled healing and magic from potions.
Whenever you drink a healing potion, you attack all around you.


Message History

You open the door.
There is an open door here.
A boulder beetle comes into view.
Aiming: Polymorph
Press: ? - help, Shift-Dir - straight line, f - boulder beetle
Aim: a boulder beetle (will become a spark wasp, a bunyip, or an ice dragon, chance to affect: 31%)
The boulder beetle evaporates and reforms as a spark wasp!
The spark wasp bursts into living lightning!
The living lightning misses you.
The spark wasp blinks!
You hit the spark wasp. Your headbutt misses the spark wasp.
The spark wasp is lightly wounded.
The spark wasp misses you. x2
You barely miss the spark wasp. You headbutt the spark wasp.
The spark wasp is lightly wounded.
The spark wasp stings you!! The spark wasp shocks you. You resist.
The spark wasp stings you!! The spark wasp shocks you. You resist.
You miss the spark wasp.
The spark wasp is lightly wounded.
The spark wasp closely misses you. The spark wasp misses you.
The spark wasp stings you!! The spark wasp shocks you. You resist.
You miss the spark wasp. Your headbutt misses the spark wasp.
The spark wasp is lightly wounded.
The spark wasp stings you. The spark wasp shocks you. You resist.
The spark wasp barely misses you.
You barely miss the spark wasp. You headbutt the spark wasp!
The spark wasp is lightly wounded.
The spark wasp stings you! The spark wasp shocks you. You resist.
* * * LOW HITPOINT WARNING * * *
The spark wasp misses you.
Okay, then.
Unknown command.
A protective cloak of flame settles atop you.
The spark wasp stings you!
* * * LOW HITPOINT WARNING * * *
The spark wasp shocks you. You resist.
* * * LOW HITPOINT WARNING * * *
The spark wasp stings you!
* * * LOW HITPOINT WARNING * * *
The spark wasp shocks you. You resist.
You die...

##### #...# #..######...........
....###...####..#....#...........
......[.........#....#...........
................#....#...........
......#####.....#....+.......####
......# #....##....#.......#...
......# #....#.....##......#...
......+ #....#......#......#..:
####..# #....#@.....#......#...
#.)# #....y......#......#... #..#
#....########......#...
#..#####..................##'#
#.............................
####...........(.....###.........
.....................#.#>........
.....................#.#....####'
...........#######...#.#....#....


You could see a spark wasp.

Vanquished Creatures
  An elephant (D:8)
  A komodo dragon (Lair:1)
  Jeremiah (D:6)
  A troll (D:10)
  A dream sheep (Bailey)
  Sigmund (D:2)
  2 wyverns
  A yak (D:8)
  A basilisk (D:8)
  A steam dragon (D:9)
  Edmund (D:4)
  An acid dragon (D:8)
  4 water moccasins
  6 orc warriors
  4 ice beasts
  A sky beast (D:6)
  A black bear (D:8)
  4 centaurs
  A phantom (D:5)
  4 kobold brigands
  A gnoll sergeant (D:8)
  6 bullfrogs
  3 scorpions
  7 wights
  A troll zombie (Ossuary)
  10 killer bees
  2 howler monkeys
  6 electric eels (D:8)
  2 centaur zombies (Ossuary)
  3 orc priests
  3 jellies
  A gnoll bouda (D:4)
  2 hounds
  6 iguanas
  A sleepcap (D:4)
  Ijyb (D:4)
  Natasha (thrice) (D:2)
  Terence (D:2)
  8 orc wizards
  2 ogre zombies (Ossuary)
  7 mummies (Ossuary)
  Robin (D:3)
  18 gnolls
  8 adders
  4 adder zombies (Ossuary)
  A ribbon worm (D:10)
  40 orcs
  2 endoplasms
  3 giant cockroaches
  11 goblins
  4 hobgoblins
  4 jackals (D:2)
  A quokka (D:2)
  6 ball pythons
  2 bats
  3 frilled lizards (D:1)
  3 goblin zombies (Ossuary)
  6 hobgoblin zombies (Ossuary)
  25 kobolds
  5 kobold zombies (Ossuary)
  5 quokka zombies (Ossuary)
  5 rats
  2 rat zombies (Ossuary)
273 creatures vanquished.

Vanquished Creatures (others)
  28 foxfires
28 creatures vanquished.

Grand Total: 301 creatures vanquished

Notes
Turn   | Place    | Note
-------+----------+-------------------------------------------
     0 | D:1      | Arcadio the Oni Cinder Acolyte began the quest for the Orb.
     0 | D:1      | Reached XP level 1. HP: 24/24 MP: 2/2
    65 | D:1      | Found a faded altar of an unknown god.
   228 | D:1      | Reached XP level 2. HP: 27/32 MP: 3/3
   801 | D:2      | Noticed Sigmund
   843 | D:2      | Noticed Natasha
   844 | D:2      | HP: 1/33 [something/puff of flame (4)]
  1057 | D:2      | Killed Sigmund
  1058 | D:2      | Reached skill level 5 in Fighting
  1058 | D:2      | Reached XP level 3. HP: 44/44 MP: 4/4
  1058 | D:2      | Reached XP level 4. HP: 52/52 MP: 5/5
  1058 | D:2      | Reached XP level 5. HP: 59/59 MP: 6/6
  1095 | D:2      | Killed Natasha
  1100 | D:2      | Noticed Natasha
  1112 | D:2      | Killed Natasha
  1113 | D:2      | Reached XP level 6. HP: 42/67 MP: 7/7
  1232 | D:2      | Reached skill level 6 in Fighting
  1245 | D:2      | Noticed Natasha
  1346 | D:2      | Killed Natasha
  1603 | D:2      | Noticed Terence
  1606 | D:2      | Killed Terence
  2450 | D:3      | Noticed Robin
  2468 | D:3      | Killed Robin
  3291 | D:4      | Noticed Edmund
  3317 | D:4      | Killed Edmund
  3318 | D:4      | Reached skill level 5 in Axes
  3318 | D:4      | Reached XP level 7. HP: 26/76 MP: 2/8
  3684 | D:4      | Reached skill level 7 in Fighting
  4125 | D:4      | Noticed Ijyb
  4187 | D:4      | Killed Ijyb
  4266 | D:4      | Learned a level 2 spell: Scorch
  4410 | D:5      | Entered Level 5 of the Dungeon
  4859 | D:4      | Reached XP level 8. HP: 72/88 MP: 4/9
  4990 | D:5      | Reached skill level 8 in Fighting
  5089 | D:5      | Identified the +0 robe "Ighacs" {rElec Will+ Int+3 Dex+3}
  5634 | D:5      | Reached skill level 5 in Dodging
  6018 | D:6      | Reached skill level 9 in Fighting
  6107 | D:6      | Found a shimmering blue altar of Sif Muna.
  6119 | D:6      | Noticed Jeremiah
  6129 | D:6      | Killed Jeremiah
  6130 | D:6      | Reached XP level 9. HP: 88/100 MP: 5/10
  6384 | D:6      | Reached skill level 10 in Fighting
  7147 | D:7      | Identified the +1 pair of boots of the Vaults {Will+
                  | Stlth+}
  7298 | D:7      | Found a staircase to the Ecumenical Temple.
  7309 | Temple   | Entered the Ecumenical Temple
  7339 | D:7      | Found a flagged portal.
  7348 | Bailey   | Entered a bailey
  7770 | Bailey   | Noticed an orc knight
  7810 | Bailey   | an orc knight changed into a dream sheep
  7814 | Bailey   | Reached skill level 11 in Fighting
  8483 | D:7      | Reached XP level 10. HP: 82/87 MP: 11/11
  9314 | D:8      | Found a sand-covered staircase.
  9405 | Ossuary  | Entered an ossuary
 10703 | D:8      | Found a staircase to the Lair.
 10703 | D:8      | Noticed an elephant
 10715 | D:8      | Reached skill level 12 in Fighting
 10723 | D:8      | Killed an elephant
 11336 | Lair:1   | Entered Level 1 of the Lair of Beasts
 11532 | Lair:1   | Noticed a cane toad
 11534 | Lair:1   | a cane toad changed into a water moccasin
 11560 | Lair:1   | Noticed an elephant
 11561 | Lair:1   | Noticed an elephant
 11563 | Lair:1   | Noticed an elephant
 12031 | D:9      | Reached XP level 11. HP: 123/125 MP: 12/12
 12038 | D:9      | Reached skill level 10 in Axes
 12039 | D:9      | Reached skill level 13 in Fighting
 12913 | D:10     | Entered Level 10 of the Dungeon
 13177 | D:10     | Noticed a two-headed ogre
 13178 | D:10     | a two-headed ogre changed into a ribbon worm
 13632 | D:10     | Noticed a boulder beetle
 13633 | D:10     | a boulder beetle changed into a spark wasp
 13633 | D:10     | Noticed a spark wasp
 13639 | D:10     | HP: 1/127 [spark wasp (9)]
 13639 | D:10     | Slain by a spark wasp

Illustrated notes

Levels and vault maps discovered:
D:1:      eino_arrival_tree_alley, layout_loops_cross, basic_ecumenical_altar,
          chequers_hall_statues_corner_a
D:2:      layout_basic, uniq_terence, uniq_natasha, uniq_sigmund
D:3:      layout_basic, uniq_robin
D:4:      layout_layer_cave, minmay_hedge_maze, uniq_edmund, uniq_ijyb
D:5:      layout_basic
D:6:      minmay_spotlight, layout_basic,
          mainiacjoe_overflow_concentric_impassable, uniq_jeremiah
D:7:      layout_loops_corners, minmay_temple_entry_drinking_statues,
          enter_bailey_8, kennysheep_generic_room_9
D:8:      layout_cave_pods, david_lair_generic, nicolae_ossuary_entry_ruins,
          kennysheep_boxes
D:9:      layout_loops_corners
D:10:     layout_irregular_city
Temple:   minmay_crystal_snake_temple
Lair:1:   layout_chaotic_city, ebering_ghost_rock_garden, grunt_megastairs_4,
          uniq_joseph

Skill      XL: |  1  2  3  4  5  6  7  8  9 10 11 |
---------------+----------------------------------+-----
Fighting       | 5 6 7 9 11 12 13 | 13.3
Axes           | 4 5 7 8 9 10 | 10.3
Dodging        | 2 3 4 5 7 8 9 |  9.0
Spellcasting   | |  1.2
Fire Magic     | |  2.6

Action                     |  1- 3 |  4- 6 |  7- 9 | 10-12 || total
---------------------------+-------+-------+-------+-------++-------
  Melee: Hand axe          |    61 |   145 |   231 |       ||   437
         Headbutt          |     3 |    23 |    78 |    40 ||   144
         Punch             |       |     3 |     5 |     4 ||    12
         Unarmed           |       |       |    12 |       ||    12
         War axe           |       |       |   170 |   236 ||   406
   Cast: Scorch            |       |       |    19 |     6 ||    25
 Invoke: Fiery Armour      |     1 |     1 |     2 |     2 ||     6
         Foxfire Swarm     |     1 |       |       |     1 ||     2
  Evoke: Wand              |       |     5 |     3 |     4 ||    12
    Use: Potion            |     2 |       |     1 |     3 ||     6
         Scroll            |       |       |     9 |     8 ||    17
   Stab: Sleeping          |       |       |     5 |       ||     5
 Armour: Robe              |    47 |   117 |   306 |   256 ||   726
         Skin              |       |       |    14 |       ||    14
  Dodge: Dodged            |    32 |    77 |   252 |   208 ||   569

Table legend: (Time is in decaauts)
 A = Elapsed time spent in this place.
 B = Non-inter-level travel time spent in this place.
 C = Inter-level travel time spent in this place.
 D = Time resting spent in this place.
 E = Time spent auto-exploring this place.
 F = Levels seen in this place.
 G = Mean time per level.
                   A        B        C        D        E       F      G
               +--------+--------+--------+--------+--------+-----+--------+
         Total |  13804 |  13458 |    346 |    808 |   9677 |  14 |  986.0 |
       Dungeon |  11970 |  11624 |    346 |    703 |   8495 |  10 | 1197.0 |
        Temple |      1 |      1 |      0 |      0 |      0 |   1 |    1.0 |
          Lair |    296 |    296 |      0 |      0 |    164 |   1 |  296.0 |
       Ossuary |    623 |    623 |      0 |      0 |    412 |   1 |  623.0 |
        Bailey |    912 |    912 |      0 |    105 |    606 |   1 |  912.0 |
               +--------+--------+--------+--------+--------+-----+--------+

Top non-repeatable levels by time:
     D:8: 1706 daAuts
     D:4: 1628 daAuts
     D:2: 1300 daAuts
     D:7: 1266 daAuts
     D:5: 1159 daAuts
     D:9: 1141 daAuts
     D:6: 1132 daAuts
     D:3: 1009 daAuts
  Bailey: 912 daAuts
     D:1: 890 daAuts
    D:10: 736 daAuts
 Ossuary: 623 daAuts
  Lair:1: 296 daAuts
  Temple: 1 daAuts
